 Dungeon Crawl Stone Soup version 0.30-a0-715-gdb4ae3ece1 (webtiles) character file.

Game seed: 17826072082934578772

169 wilfster70 the Covered (level 5, -1/33 HPs)
             Began as a Gargoyle Fighter on Jan 12, 2023.
             Slain by Sigmund
             ... wielding a +0 scythe
              (4 damage)
             ... on level 4 of the Dungeon on Jan 23, 2023.
             The game lasted 00:06:41 (2276 turns).

wilfster70 the Covered (Gargoyle Fighter)           Turns: 2276, Time: 00:06:42

Health: -1/33      AC:  7    Str: 20    XL:     5   Next: 50%
Magic:  5/5        EV: 17    Int: 10    God:
Gold:   89         SH:  0    Dex:  9    Spells: 4/4 levels left

rFire   + + .      SeeInvis .    (weapon currently unavailable)
rCold   + + .      Faith    .    (shield currently unavailable)
rNeg    + + +      Spirit   .    (body armour currently unavailable)
rPois   ∞          Reflect  .    (helmet currently unavailable)
rElec   +          Harm     .    (cloak currently unavailable)
rCorr   +          Rampage  .    (gloves currently unavailable)
Will    .....                    (boots currently unavailable)
Stlth   +                        (amulet currently unavailable)
HPRegen 0.25/turn                (ring currently unavailable)
MPRegen 0.09/turn                (ring currently unavailable)

@: wisp-form, flying
A: insubstantial, flying, no casting, sickness immunity, AC +4, tiny, negative
energy resistance 1, (electricity resistance), torment resistance 1,
petrification resistance
a: no special abilities


You were on level 4 of the Dungeon.
You were an insubstantial wisp.
You visited 1 branch of the dungeon, and saw 4 of its levels.

You collected 119 gold pieces.
You spent 30 gold pieces at shops.

Inventory:

Hand Weapons
 a - a +0 trident (melded)
Armour
 b - a +0 scale mail (melded)
 c - a +0 buckler (melded)
 f - a +0 pair of boots (melded)
 i - a +0 pair of gloves (melded)
Jewellery
 g - a ring of positive energy
 n - a ring of protection from cold
 p - a ring of fire
Scrolls
 j - 3 scrolls of teleportation
 k - 2 scrolls of enchant armour
 o - 2 scrolls of amnesia
 r - a scroll of enchant weapon {unknown}
Potions
 d - a potion of might
 e - a potion of flight
 h - 2 potions of haste
 l - a potion of curing {unknown}
 m - a potion of ambrosia
 q - a potion of heal wounds {unknown}
 s - a potion of lignification {unknown}
 t - 2 potions of resistance {unknown}


   Skills:
 + Level 4.3 Fighting
 * Level 3.7 Polearms
 + Level 4.3 Armour
 - Level 3.3 Shields


You had 4 spell levels left.
You didn't know any spells.
Your spell library contained the following spells:

 Spells                   Type           Power      Damage    Failure   Level
 Apportation              Tloc           0%         N/A       36%         1
 Poisonous Vapours        Pois/Air       0%         N/A       50%         2
 Mephitic Cloud           Conj/Pois/Air  0%         N/A       75%         3
 Alistair's Intoxication  Tmut/Pois      0%         N/A       100%        5
 Cigotuvi's Dreadful Rot  Necr/Pois/Air  Unusable   N/A       N/A         2

Dungeon Overview and Level Annotations

Branches:
Dungeon (4/15)
 Temple: D:4-7

Altars:
Elyvilon
Makhleb
Zin

Shops:
D:1 ?

Annotations:
D:4 Sigmund


Innate Abilities, Weirdness & Mutations

You are an insubstantial wisp.
Your tiny insubstantial body is highly resistant to most damage types.
You are flying.
Your equipment is entirely melded.
You are incapable of wielding weapons or throwing items.
You cannot cast spells.
You are immune to sickness and miasma.
((Your stone body is resilient. (AC +4)))
You are immune to poison.
You resist negative energy. (rN+)
((You are resistant to electric shocks. (rElec)))
You are resistant to unholy torment.
You are immune to petrification.


Message History

The boggart gestures wildly while chanting.
You block something's attack.
You barely miss the boggart.
The boggart is moderately wounded.
The boggart hits you but does no damage.
You puncture the boggart!
The boggart is almost dead.
Something hits you.
* * * LOW HITPOINT WARNING * * *
The boggart mumbles some strange words.
The boggart blinks!
You are confused.
You feel invigorated.
The boggart gestures wildly while chanting.
The boggart flickers and vanishes!
You hear a zap.
You turn into an insubstantial wisp.
Your +0 trident melds into your body.
Your +0 pair of gloves melds into your body.
Your +0 pair of boots melds into your body.
Your +0 buckler melds into your body.
Your +0 scale mail melds into your body.
You bump into the rock wall.
Something hits you but does no damage.
You bump into the rock wall.
You feel less invigorated.
You feel less confused.
You barely miss something.
You hear some strange, mumbled words.
Something tries to affect you, but you resist.
Something hits you. Something hits you.
Things that are here:
a +2 falchion of holy wrath; a hobgoblin corpse You barely miss something.
Something barely misses you. Something hits you.
* * * LOW HITPOINT WARNING * * *
You touch something.
Something hits you.
* * * LOW HITPOINT WARNING * * *
You touch something.
Reactivating autopickup.
The hobgoblin dissolves into shadows!
You feel a bit more experienced.
Sigmund appears from thin air!
Sigmund hits you with a +0 scythe.
You die...

# .{
##.##########.#
#.............#
#...g.o...#
#.######.## #.#
#.# # #@# #.####
#v# ##.#..# ##
#)# #.....####..
#.#.####.#......
#.#....†........
#.#####.........
#.# #.........
#.# #.........
#.# #.........
#.#####....#####


You could see Sigmund.

Vanquished Creatures
  A boggart (D:4)
  An iguana (D:3)
  An orc wizard (D:2)
  2 gnolls
  2 adders
  2 worms (D:3)
  5 dart slugs
  5 orcs
  5 endoplasms
  5 giant cockroaches
  5 goblins
  4 hobgoblins
  2 quokkas
  4 ball pythons
  6 bats
  7 kobolds
  5 rats
62 creatures vanquished.

Notes
Turn   | Place    | Note
-------+----------+-------------------------------------------
     0 | D:1      | wilfster70 the Gargoyle Fighter began the quest for the
                  | Orb.
     0 | D:1      | Reached XP level 1. HP: 14/14 MP: 1/1
    85 | D:1      | Reached XP level 2. HP: 19/19 MP: 2/2
   270 | D:1      | Found Izaw's Magic Scroll Boutique.
   277 | D:1      | Upgraded the game from 0.30-a0-629-gd54f4be4f7 to
                  | 0.30-a0-715-gdb4ae3ece1
   298 | D:1      | Bought a scroll of teleportation for 30 gold pieces
   512 | D:2      | Reached XP level 3. HP: 19/23 MP: 3/3
   981 | D:2      | Reached XP level 4. HP: 23/29 MP: 4/4
  1240 | D:3      | Found a white marble altar of Elyvilon.
  1665 | D:3      | Found a burning altar of Makhleb.
  1667 | D:3      | Found a glowing silver altar of Zin.
  1668 | D:3      | Noticed an Executioner
  1668 | D:3      | Noticed an angel
  1733 | D:3      | Reached XP level 5. HP: 33/33 MP: 5/5
  2242 | D:4      | Noticed Sigmund
  2263 | D:4      | Noticed a boggart
  2276 | D:4      | Killed a boggart
  2276 | D:4      | Slain by Sigmund

Illustrated notes

Levels and vault maps discovered:
D:1:      spicycebolla_green_bress_n_ham_2, layout_rooms, serial_shops, shop
D:2:      layout_basic, minmay_tripent
D:3:      layout_rooms, grunt_temple_overflow_order_and_chaos_2,
          lemuel_tele_altar
D:4:      layout_basic, general_overflow_altar, uniq_sigmund

Skill      XL: |  1  2  3  4 |
---------------+-------------+-----
Polearms       | 2 3 |  3.7
Fighting       | 4 |  4.3
Armour         | 4 |  4.3
Shields        | |  3.3

Action                     |  1- 3 |  4- 6 || total
---------------------------+-------+-------++-------
  Melee: Trident           |   117 |    94 ||   211
         Unarmed           |       |     4 ||     4
    Use: Scroll            |     7 |     4 ||    11
         Potion            |       |     1 ||     1
 Armour: Scale mail        |    68 |    55 ||   123
         Skin              |       |     1 ||     1
  Dodge: Dodged            |    62 |    39 ||   101
  Block: Buckler           |    22 |    12 ||    34

Table legend: (Time is in decaauts)
 A = Elapsed time spent in this place.
 B = Non-inter-level travel time spent in this place.
 C = Inter-level travel time spent in this place.
 D = Time resting spent in this place.
 E = Time spent auto-exploring this place.
 F = Levels seen in this place.
 G = Mean time per level.
                   A        B        C        D        E       F      G
               +--------+--------+--------+--------+--------+-----+--------+
         Total |   2324 |   2222 |    102 |    526 |    719 |   4 |  581.0 |
       Dungeon |   2324 |   2222 |    102 |    526 |    719 |   4 |  581.0 |
               +--------+--------+--------+--------+--------+-----+--------+

Top non-repeatable levels by time:
     D:3: 945 daAuts
     D:2: 719 daAuts
     D:1: 466 daAuts
     D:4: 193 daAuts
